AoeStats
← scrappy_18

Pilgrims

509020473Analyzed
3v3 RM · 7d ago on Sep 25, 2026· 44m 41s· 6 players
Game mode
Random Map
Map size
Normal (6 player)
Population
200
Speed
Normal
Resources
Standard
Victory
Conquest
Starting age
Dark Age
Ending age
Imperial Age
RankedLock teamsTeams togetherTeam positionsShared explorationLock speedFull tech treeHidden civsTurbo modeCheats
Victory
Defeat
🇨🇦 Danes · Canada
1140
+13
🇨🇦 Byzantines · Canada
1135
+13
🇨🇦 Varangians · Canada
1131
+13
🇨🇴 Huns · Colombia
1134
-16
🇬🇧 Mapuche · United Kingdom
1068
-13
🇨🇴 Khmer · Colombia
1003
-10
[SKY] strider
6:31 Loom
9:07 Feudal Age
10:41 Champi Runner
11:28 Double-Bit Axe
16:01 Castle Age
18:45 Horse Collar
25:16 Forging
26:09 Fletching
26:20 Scale Mail Armor
27:22 Iron Casting
26:59 Padded Archer Armor
30:37 Pikeman
32:04 Chain Mail Armor
32:21 Champi Warrior
33:14 Bodkin Arrow
40:22 Wheelbarrow
44:29 Imperial Age
el_Manu
4:49 Loom
12:23 Feudal Age
16:47 Castle Age
15:51 Double-Bit Axe
16:08 Horse Collar
17:02 Bloodlines
17:20 Forging
19:25 Husbandry
19:36 Scale Barding Armor
21:20 Town Watch
23:28 Fletching
23:39 Padded Archer Armor
25:51 Gold Mining
28:00 Ballistics
27:40 Bodkin Arrow
30:20 Wheelbarrow
32:35 Thumb Ring
33:16 Leather Archer Armor
34:18 Hand Cart
38:08 Imperial Age
39:54 Chemistry
39:23 Conscription
41:53 Parthian Tactics
41:02 Heavy Cavalry Archer
Alos
4:11 Loom
11:12 Feudal Age
17:17 Castle Age
17:48 Wheelbarrow
17:53 Double-Bit Axe
17:52 Horse Collar
18:14 Stone Mining
23:35 Pikeman
24:01 Arson
31:10 Hand Cart
31:37 Scale Mail Armor
31:48 Forging
31:56 Elite Skirmisher
33:28 Chain Mail Armor
34:00 Fletching
34:10 Padded Archer Armor
35:00 Gold Mining
36:47 Iron Casting
36:27 Leather Archer Armor
36:30 Town Watch
42:46 Imperial Age
40:17 Town Patrol
41:44 Heavy Plow
42:17 Bow Saw
TinkyBoi
12:07 Feudal Age
12:46 Fishing Lines
13:27 Double-Bit Axe
14:21 Loom
15:03 Fletching
18:09 Padded Archer Armor
21:44 Castle Age
22:29 Gillnets
22:49 Gold Mining
22:50 Stone Mining
24:39 Gold Shaft Mining
24:39 Stone Shaft Mining
24:16 Bow Saw
23:51 Horse Collar
24:50 Heavy Plow
25:59 Medium Warships
29:27 Bodkin Arrow
29:43 Forging
29:39 Scale Barding Armor
33:21 Imperial Age
30:56 Greek Fire
32:08 Leather Archer Armor
33:28 Wheelbarrow
33:42 Iron Casting
34:55 Conscription
34:50 Logistica
35:59 Heavy Warships
37:19 Two-Man Saw
35:55 Elite Cataphract
37:20 Chain Barding Armor
37:24 Bracer
40:58 Two-Man Saw
40:31 Ring Archer Armor
scrappy_18
11:33 Feudal Age
12:46 Loom
17:24 Castle Age
15:23 Stone Mining
19:59 Forging
19:49 Scale Mail Armor
19:50 Arson
20:07 Squires
19:52 Gambesons
24:12 Double-Bit Axe
26:14 Iron Casting
26:24 Horse Collar
29:48 Chain Mail Armor
35:12 Imperial Age
34:15 Hamask
35:03 Heavy Plow
35:17 Elite Jomsviking
36:28 Conscription
37:46 Bow Saw
38:15 Wheelbarrow
40:08 Blast Furnace
40:36 Plate Mail Armor
40:00 Northmen's Fury
42:58 Gold Mining
42:58 Town Watch
jrewdavis
11:54 Feudal Age
12:23 Fishing Lines
12:49 Loom
13:57 Double-Bit Axe
20:52 Castle Age
19:05 Forging
18:46 Fletching
22:12 Gillnets
22:35 Medium Warships
23:05 Bloodlines
22:56 Husbandry
23:57 Bow Saw
23:40 Gold Mining
23:41 Stone Mining
24:38 Scale Barding Armor
26:40 Wheelbarrow
25:51 Town Watch
27:23 Stone Shaft Mining
27:50 Vendel Legacy
34:33 Imperial Age
34:18 Chain Barding Armor
34:34 Iron Casting
33:55 Bodkin Arrow
34:51 Hand Cart
34:37 Town Patrol
35:56 Conscription
36:32 Elite Jarl
Connection lost

Rejoining the realm…

Still unreachable

The connection could not be restored.

Session expired

The server has moved on; the page needs a fresh start.